Map: King Sejong Station LE

Players

jonny

  • Race: Terran Terran
  • League: Silver
  • Spawn Location: 5:00

Fropez - Winner!

  • Race: Protoss Protoss
  • League: Gold
  • Spawn Location: 11:00

VOD

Have the link to the VOD?

Description

Time

  • Played on: Oct. 10, 2016, 12:02 p.m.
  • Length: 6:48
Show
View Real Time Build Order
Export as new Build Order

jonny Terran 

Build Orders:  

Get SALT Encoding   

  12  0:02  SCV  
  13  0:14  Supply Depot  
  13  0:18  SCV  
  14  0:30  SCV  
  15  0:42  SCV  
  16  0:44  Refinery  
  16  0:54  SCV  
  17  1:02  Barracks  
  17  1:06  SCV  
  18  1:13  Barracks  
  18  1:18  SCV  
  19  1:30  SCV  
  20  1:36  Refinery  
  20  1:42  SCV  
  21  1:52  Supply Depot  
  21  1:54  SCV  
  22  2:06  SCV  
  23  2:19  SCV, Factory  
  24  2:27  Supply Depot  
  24  2:31  SCV  
  24  2:34  Barracks Tech Lab x2  
  25  3:28  Marauder x2  
  25  3:33  Widow Mine  
  31  3:44  SCV  
  32  3:49  Marauder x2  
  36  4:10  Marauder  
  36  4:11  Marauder  
  38  4:27  Barracks  
  38  4:45  Supply Depot  
  38  4:50  Supply Depot  
  38  5:01  Factory Tech Lab  
  42  5:07  Marauder x2  
  42  5:20  Siege Tank  
  45  5:28  Marine, Marauder x2  
  46  5:46  Marine  
  46  5:49  Marauder x2  
  49  6:04  Marine  
  32  6:28  Starport  
Show
View Real Time Build Order
Export as new Build Order

Fropez Protoss - Winner!

Build Orders: 1 Gate Expand 

Get SALT Encoding   

  12  0:01  Probe (Chrono Boost)  
  13  0:14  Pylon  
  13  0:17  Probe (Chrono Boost)  
  14  0:28  Probe (Chrono Boost)  
  15  0:33  Gateway  
  15  0:38  Probe (Chrono Boost)  
  16  0:46  Assimilator  
  16  0:49  Probe (Chrono Boost)  
  17  0:59  Probe (Chrono Boost)  
  18  1:10  Probe (Chrono Boost)  
  19  1:23  Nexus  
  19  1:40  Cybernetics Core  
  19  1:41  Probe (Chrono Boost)  
  20  1:49  Gateway  
  20  1:52  Probe (Chrono Boost)  
  21  2:01  Pylon  
  21  2:02  Probe (Chrono Boost)  
  22  2:13  Probe (Chrono Boost)  
  23  2:25  Probe (Chrono Boost)  
  23  2:28  Adept (Chrono Boost)  
  26  2:35  Mothership Core  
  27  2:38  Probe  
  27  2:41  Pylon  
  30  2:46  Adept (Chrono Boost)  
  30  2:50  Probe  
  31  2:54  Assimilator  
  31  3:00  Probe  
  31  3:04  Adept (Chrono Boost)  
  34  3:09  Probe  
  35  3:13  Warp Gate (Chrono Boost)  
  35  3:14  Adept  
  35  3:15  Probe  
  38  3:28  Probe  
  38  3:30  Adept  
  41  3:37  Probe, Robotics Facility  
  41  3:40  Pylon  
  42  4:10  Probe  
  43  4:20  Probe  
  43  4:22  Probe  
  45  4:24  Gateway  
  45  4:26  Gateway  
  45  4:28  Assimilator  
  45  4:31  Probe  
  45  4:37  Pylon  
  46  4:39  Probe  
  46  4:41  Pylon  
  46  4:43  Observer (Chrono Boost)  
  48  4:55  Probe  
  48  4:56  Probe, Assimilator  
  50  5:02  Warp Prism (Chrono Boost)  
  52  5:13  Pylon  
  52  5:14  Pylon  
  52  5:23  Sentry x3  
  52  5:24  Stalker  
  58  5:50  Stalker x4  
  66  5:58  Gateway  
  66  6:00  Gateway  
  66  6:03  Gateway  
  66  6:18  Stalker x4  
  72  6:26  Probe  
  72  6:28  Probe  
  78  6:40  Gateway  
Tags
 
Add a new tag
Caveats
  • Supply blocks, unpowered buildings, or Contaminate may cause inaccurate times.
  • Supply counts are checked every 10 seconds.